 Dungeon Crawl Stone Soup version 0.13.0-25-g43d4df3 (webtiles) character file.

1159 Bloax the Fighter (level 8, -3/85 HPs)
             Began as an Ogre Berserker on Oct 27, 2013.
             Was a Believer of Trog.
             Slain by an orc warrior
             ... wielding a +2,+2 orcish flail
              (16 damage)
             ... on Level 6 of the Dungeon.
             The game lasted 00:11:12 (1457 turns).

Bloax the Fighter (Ogre Berserker)                  Turns: 1457, Time: 00:11:12

HP  -3/85        AC  6     Str 25      XL: 8   Next: 27%
MP   7/7         EV 10     Int  6      God: Trog [**....]
Gold 99          SH  0     Dex  9      Spells:  0 memorised,  7 levels left

Res.Fire  : . . .   See Invis. : .   p - +2,+0 flail (crush)
Res.Cold  : . . .   Warding    : .   r - +0 elf robe
Life Prot.: . . .   Conserve   : .   (shield restricted)
Res.Poison: .       Res.Corr.  : .   (helmet restricted)
Res.Elec. : .       Clarity    : .   a - +2 cloak {MR+}
Sust.Abil.: . .     Spirit.Shd : .   (gloves unavailable)
Res.Mut.  : .       Stasis     : .   (boots unavailable)
Res.Rott. : .       Flight     : .   (no amulet)
Saprovore : + . .                    (no ring)
                                     (no ring)

@: regenerating, extremely resistant to hostile enchantments, very unstealthy
A: unfitting armour, fast metabolism 1, saprovore 1, tough skin 1
a: Burn Spellbooks, Berserk, Trog's Hand, Renounce Religion


You were on level 6 of the Dungeon.
You worshipped Trog.
Trog was pleased with you.
You were not hungry.

You visited 1 branch of the dungeon, and saw 6 of its levels.

You collected 105 gold pieces.
You spent 26 gold pieces at shops.


Innate Abilities, Weirdness & Mutations

You are too large for most types of armour.
You have a fast metabolism.
You can tolerate rotten meat.
You have tough skin (AC +1).


   Skills:
 + Level 9.7 Fighting
 * Level 9.5 Maces & Flails
 - Level 2.9 Dodging
 + Level 0.0 Evocations


You had 7 spell levels left.
You didn't know any spells.

Dungeon Overview and Level Annotations

Branches:
Dungeon (6/27)
 Temple: D:4-7          Orc: D:6-11

Altars:
Zin

Shops:
D:6 *

Inventory:

Hand weapons
 p - a +2,+0 flail of crushing (weapon)
   (You took it off Terence on level 3 of the Dungeon)
 t - a +0,+0 giant club
   (You took it off an ogre on level 5 of the Dungeon)
Armour
 a - a +2 cloak of magic resistance (worn)
   (You took it off Crazy Yiuf on level 5 of the Dungeon)
 d - a +2 cloak
   (You found it on level 3 of the Dungeon)
 r - a +0 elven robe (worn)
   (You took it off Dowan on level 4 of the Dungeon)
Magical devices
 h - a wand of magic darts (14)
   (You took it off Duvessa on level 4 of the Dungeon)
 s - a wand of random effects (12)
   (You took it off Grinder on level 4 of the Dungeon)
 u - a wand of confusion (6) {unknown}
   (You found it on level 5 of the Dungeon)
 x - a wand of random effects (12)
   (You found it on level 5 of the Dungeon)
Comestibles
 c - a meat ration
 j - 2 bread rations
 w - a slice of pizza
Scrolls
 f - 2 scrolls of noise {!r}
 i - a scroll of remove curse
 l - a scroll of fog {unknown}
 m - a scroll of enchant armour {unknown}
 n - a scroll of curse weapon {unknown}
 o - a scroll of curse jewellery {unknown}
 q - a scroll of blinking {unknown}
 y - a scroll of random uselessness {unknown}
Potions
 b - a potion of restore abilities
 e - 2 potions of cure mutation {unknown}
 g - 3 potions of curing
 k - a potion of heal wounds {unknown}
 v - a potion of flight {unknown}

.... ..(........#
........o..o....#
###....#######..#
................#
###...########.##
#. #.# #.# #o#
#@# .........#
.......## .......
...#... . ####


You could see an orc warrior.


Message History

You feel a little better.
You feel sick.
You see here a quarterstaff of chaos.
You feel sick.
You feel sick.
You feel sick.
There is a stone staircase leading down here.
Found two items.
Found a wand of random effects.
w - a slice of pizza You see here a wand of random effects.
x - a wand of random effects You feel sick.
You feel sick.
You feel sick.
You feel sick.
You feel better.
Found 22 sling bullets.
y - a scroll labeled PUDEAT FRUNE
There is a stone staircase leading down here.
You climb downwards.
A bat comes into view.
There is a stone staircase leading up here.
Unknown command.
Found Thruddom's Assorted Antiques.
The bat hits you.
You sock the bat!
You kill the bat!
Trog accepts your kill.
You see here a bat corpse.
You see here a bat corpse.
The bat corpse is slowly consumed by flames.
Found 24 darts.
A kobold comes into view. It is wielding a short sword.
Found a stone staircase leading down.
There is an entrance to Thruddom's Assorted Antiques here.
z - a scroll labeled LYQUCE NIUDOWK Thank you for shopping at Thruddom's Assorted Antiques!
There is a fountain of clear blue water here.
You hit the kobold.
You kill the kobold!
Trog accepts your kill.
You see here a short sword.
Read which item? (? for menu, Esc to quit)
As you read the scroll labeled LYQUCE NIUDOWK, it crumbles to dust.
You feel strangely unstable.
It was a scroll of teleportation.
An orc comes into view. It is wielding an orcish whip.
Your surroundings suddenly seem different.
An orc warrior comes into view. It is wielding an orcish flail.
You closely miss the orc warrior.
The orc warrior hits you with an orcish flail!
You barely miss the orc warrior.
Here: an orc warrior, wielding an orcish flail and wearing an orcish chain mail The floor.
An orc wizard comes into view. It is wielding an orcish dagger.
The orc wizard shouts!
The orc wizard gestures wildly while chanting.
The orc wizard flickers and vanishes!
Deactivating autopickup; reactivate with Ctrl-A.
The orc warrior hits you with an orcish flail!
* * * LOW HITPOINT WARNING * * *
Found 12 stones.
The orc warrior hits you with an orcish flail!
* * * LOW HITPOINT WARNING * * *
Use which ability? (? or * to list)
Your skin crawls.
You feel resistant to hostile enchantments.
You feel slightly more hungry.
The orc warrior hits you with an orcish flail!
You die...

Action                   |  1- 3 |  4- 6 |  7- 9 || total
-------------------------+-------+-------+-------++-------
Melee: Mace              |    73 |    44 |       ||   117
       Flail             |       |    40 |    54 ||    94
Invok: Berserk           |     2 |     4 |     2 ||     8
       Trog's Hand       |     1 |     4 |     4 ||     9
Evoke: Wand              |       |     2 |     2 ||     4
  Use: Scroll            |       |     3 |     4 ||     7
       Potion            |       |     1 |       ||     1

Vault maps used:
D:1:      denvon_entry_planthouse, minmay_misc_feat_doors, minmay_hedge_maze
D:3:      dk_vineyard_3, grunt_ministairs_5,
          hangedman_abyss_or_decor_lesser_grid, serial_bayou_pond_b,
          roderic_whirl, uniq_terence
D:4:      general_overflow_altar, uniq_menkaure, uniq_duvessa, uniq_grinder,
          uniq_prince_ribbit1
D:5:      first_bread, uniq_crazy_yiuf_cottage
D:6:      minmay_temple_entry_glass, basic_altar, serial_shops, shop_fountains,
          tgw_kikubaaqudgha

Notes
Turn   | Place    | Note
--------------------------------------------------------------
     0 | D:1      | Bloax, the Ogre Berserker, began the quest for the Orb.
     0 | D:1      | Reached XP level 1. HP: 23/23 MP: 0/0
    91 | D:1      | Reached XP level 2. HP: 20/32 MP: 1/1
   139 | D:2      | HP: 8/32 [jackal (2)]
   144 | D:2      | HP: 3/32 [inept potion mimic (5)]
   182 | D:2      | HP: 8/48 [inept potion mimic (2)]
   186 | D:2      | Reached XP level 3. HP: 9/39 MP: 2/2
   188 | D:2      | HP: 7/58 [giant cockroach (2)]
   214 | D:2      | HP: 6/39 [hobgoblin/club (3)]
   221 | D:2      | HP: 5/39 [rat (2)]
   222 | D:2      | Acquired Trog's second power
   298 | D:2      | Reached skill level 5 in Fighting
   349 | D:3      | Reached skill level 5 in Maces & Flails
   434 | D:3      | Reached XP level 4. HP: 39/48 MP: 3/3
   475 | D:3      | Bloax: christ
   475 | D:3      | Bloax: i've been up since forever
   580 | D:3      | HP: 11/48 [orc priest/nerve-wracking pain (3)]
   585 | D:3      | HP: 9/72 [orc/orcish flail (1)]
   592 | D:3      | HP: 7/72 [rat (2)]
   671 | D:3      | Noticed Terence
   679 | D:3      | Killed Terence
   679 | D:3      | Reached skill level 6 in Fighting
   679 | D:3      | Reached XP level 5. HP: 43/55 MP: 4/4
   694 | D:3      | Vidiiot: Really? :(
   700 | D:3      | Vidiiot: Go sleep.
   709 | D:3      | Bloax: no
   709 | D:3      | Bloax: the tournament ends in less than five hours
   775 | D:4      | Reached skill level 6 in Maces & Flails
   826 | D:4      | Vidiiot: Getting that win.
   827 | D:4      | Noticed Duvessa
   827 | D:4      | Noticed Dowan
   835 | D:4      | Killed Duvessa
   835 | D:4      | Reached XP level 6. HP: 66/66 MP: 5/5
   839 | D:4      | Killed Dowan
   839 | D:4      | Reached skill level 7 in Fighting
   840 | D:4      | git gud
   866 | D:4      | Found a glowing silver altar of Zin.
   973 | D:4      | Noticed Menkaure
   981 | D:4      | Killed Menkaure
   981 | D:4      | Reached skill level 7 in Maces & Flails
   990 | D:4      | Noticed Prince Ribbit
  1008 | D:4      | prince buttpain
  1015 | D:4      | Killed Prince Ribbit
  1015 | D:4      | Reached skill level 8 in Fighting
  1015 | D:4      | Reached skill level 8 in Maces & Flails
  1015 | D:4      | Reached XP level 7. HP: 26/75 MP: 6/6
  1050 | D:4      | Noticed Grinder
  1066 | D:4      | Killed Grinder
  1066 | D:4      | Reached skill level 9 in Fighting
  1066 | D:4      | Reached skill level 9 in Maces & Flails
  1066 | D:4      | Reached XP level 8. HP: 71/85 MP: 7/7
  1172 | D:5      | Entered Level 5 of the Dungeon
  1199 | D:5      | Paralysed by a giant eyeball for 3 turns
  1229 | D:5      | Paralysed by a giant eyeball for 3 turns
  1326 | D:5      | Noticed Crazy Yiuf
  1336 | D:5      | Killed Crazy Yiuf
  1420 | D:6      | Found Thruddom's Assorted Antiques.
  1432 | D:6      | Bought a scroll labeled LYQUCE NIUDOWK for 26 gold pieces
  1452 | D:6      | HP: 11/85 [orc warrior/orcish flail (20)]
  1457 | D:6      | Slain by an orc warrior

Vanquished Creatures
  Grinder (D:4)
  Prince Ribbit (D:4)
  Menkaure (D:4)
  A sky beast (D:5)
  An ogre (D:5)
  Duvessa (D:4)
  Dowan (D:4)
  Crazy Yiuf (D:5)
  An orc priest (D:3)
  A scorpion (D:4)
  2 worker ants
  A big kobold zombie (D:4)
  Terence (D:3)
  3 adders (D:4)
  An inept item mimic (D:2)
  An iguana skeleton (D:3)
  A giant eyeball (D:5)
  A giant gecko (D:4)
  2 oozes
  5 orcs (D:3)
  7 bats
  4 giant cockroaches
  4 hobgoblins
  6 jackals
  7 kobolds
  A ball python (D:4)
  4 giant newts
  4 goblins
  A goblin skeleton (D:4)
  7 rats
73 creatures vanquished.
